 Dungeon Crawl Stone Soup version 0.28-b1-1-g3c77fb2ed1 (webtiles) character file.

Game seed: 11377265163038560589

24642 DildoBatman the Black Sun (level 13, 0/103 HPs)
             Began as a Formicid Conjurer on Jan 27, 2022.
             Was a High Priest of Kikubaaqudgha.
             Slain by a two-headed ogre (27 damage)
             ... on level 2 of the Orcish Mines on Jan 28, 2022.
             The game lasted 01:11:23 (15323 turns).

DildoBatman the Black Sun (Formicid Conjurer)      Turns: 15323, Time: 01:11:23

Health: 0/103      AC:  5    Str: 12    XL:     13   Next: 44%
Magic:  13/23      EV: 14    Int: 21    God:    Kikubaaqudgha [*****.]
Gold:   993        SH: 16    Dex: 13    Spells: 14/26 levels left

rFire   + . .      SeeInvis +   a - +7 long sword (freeze)
rCold   . . .      Faith    .   f - +0 kite shield of Syrhaly {rF+ Slay+3}
rNeg    + + .      Spirit   .   s - +1 robe of the Will of the Gods {rElec rN++ Regen+}
rPois   .          Reflect  +   (helmet unavailable)
rElec   +          Harm     .   (no cloak)
rCorr   .          Rampage  .   o - +0 pair of gloves
Will    ++...                   (no boots)
Stlth   ++........              G - amulet of reflection
HPRegen 1.07/turn               b - ring of willpower
MPRegen 0.18/turn               J - ring of flight

@: mighty, flying
A: permanent stasis, dig shafts and tunnels, antennae 3, four strong arms,
clever 1
a: Dig, Shaft Self, Renounce Religion, Receive Corpses, Torment


You were on level 2 of the Orcish Mines.
You worshipped Kikubaaqudgha.
Kikubaaqudgha was extremely pleased with you.
You visited 3 branches of the dungeon, and saw 15 of its levels.

You collected 1005 gold pieces.
You spent 12 gold pieces at shops.

Inventory:

Hand Weapons
 a - a +7 long sword of freezing (weapon)
 c - a +0 hunting sling
 e - a +1 trident of venom
 U - a +2 dagger of electrocution
 V - a +2 trident of flaming
Missiles
 i - 407 stones
 j - 321 arrows
 k - 108 bolts
 m - 92 sling bullets
 r - 3 throwing nets
 w - 5 javelins
 D - 18 boomerangs
 H - a curare-tipped dart
 L - 35 poisoned darts
Armour
 d - +0 steam dragon scales
 f - the +0 kite shield of Syrhaly (worn) {rF+ Slay+3}
   (You found it on level 8 of the Dungeon)

   Slay:      It affects your accuracy & damage with ranged weapons and melee
   (+3).
   rF:        It protects you from fire.
 o - a +0 pair of gloves (worn)
 p - a +2 robe of willpower
 s - the +1 robe of the Will of the Gods (worn) {rElec rN++ Regen+}
   (You found it on level 5 of the Dungeon)

   rElec:     It insulates you from electricity.
   rN:        It greatly protects you from negative energy.
   Regen:     It increases your rate of health regeneration.
 F - the +0 leather armour of Tempters {Fly rElec rCorr Dex-2}
   (You found it on level 8 of the Dungeon)

   Dex:       It affects your dexterity (-2).
   rElec:     It insulates you from electricity.
   Fly:       It grants you flight.
   rCorr:     It protects you from acid and corrosion.
 M - a +1 ring mail of poison resistance
 O - +0 acid dragon scales
 Q - a +2 robe of cold resistance
Magical Staves
 t - a staff of fire
Jewellery
 b - a ring of willpower (left hand)
 G - an amulet of reflection (around neck)
 J - a ring of flight (right hand)
 P - a ring of ice
 S - a +4 ring of protection
Wands
 q - a wand of iceblast (10)
 v - a wand of flame (13)
 R - a wand of mindburst (6)
Scrolls
 g - 2 scrolls of brand weapon {unknown}
 l - 3 scrolls of fear
 u - 4 scrolls of amnesia
 y - 2 scrolls of fog
 z - 4 scrolls of identify
 B - a scroll of vulnerability {unknown}
Potions
 h - a potion of ambrosia {unknown}
 n - a potion of brilliance
 A - a potion of lignification {unknown}
 E - 4 potions of curing
 I - a potion of invisibility
 N - a potion of attraction {unknown}
 T - a potion of magic {unknown}
Miscellaneous
 K - a tin of tremorstones (2/2)


   Skills:
 * Level 9.8 Fighting
 * Level 9.8 Armour
 - Level 7.0 Dodging
 - Level 2.4 Stealth
 - Level 9.0 Shields
 - Level 7.0 Spellcasting
 - Level 6.0 Conjurations
 - Level 12.0 Necromancy


You had 14 spell levels left.
You knew the following spells:

 Your Spells              Type           Power      Damage    Failure   Level
a - Searing Ray           Conj           64%        2d6       2%          2
c - Magic Dart            Conj           100%       1d8       1%          1
d - Vampiric Draining     Necr           55%        2d9       1%          3
h - Dispel Undead         Necr           55%        3d20      1%          4
z - Sublimation of Blood  Necr           55%        N/A       1%          2

Your spell library contained the following spells:

 Spells                   Type           Power      Damage    Failure   Level
 Animate Skeleton         Necr           100%       N/A       1%          1
 Pain                     Necr           100%       1d9       1%          1
 Animate Dead             Necr           27%        N/A       1%          4
 Corpse Rot               Necr/Air       64%        N/A       2%          2
 Excruciating Wounds      Necr           27%        N/A       3%          5
 Dazzling Flash           Conj/Hex       38%        N/A       14%         3
 Anguish                  Hex/Necr       16%        N/A       14%         4
 Slow                     Hex            28%        N/A       17%         1
 Ensorcelled Hibernation  Hex/Ice        14%        N/A       26%         2
 Passwall                 Tmut/Erth      5%         N/A       26%         2
 Scorch                   Fire           14%        2d6       26%         2
 Flame Wave               Conj/Fire      19%        2d6       43%         4
 Fulminant Prism          Conj/Hex       9%         3d7       43%         4
 Iskenderun's Mystic Bla  Conj/Tloc      19%        2d6       43%         4
 Confusing Touch          Hex            7%         N/A       45%         3
 Gell's Gravitas          Tloc           7%         N/A       45%         3
 Lesser Beckoning         Tloc           7%         N/A       45%         3
 Portal Projectile        Hex/Tloc       14%        N/A       45%         3
 Teleport Other           Tloc           7%         N/A       45%         3
 Leda's Liquefaction      Hex/Erth       3%         N/A       86%         4
 Summon Ice Beast         Ice/Summ       7%         N/A       86%         4
 Simulacrum               Ice/Necr       16%        N/A       91%         6
 Blade Hands              Tmut           3%         N/A       99%         5
 Lee's Rapid Deconstruct  Erth           3%         3d6*      99%         5
 Summon Mana Viper        Hex/Summ       7%         N/A       99%         5
 Statue Form              Tmut/Erth      4%         N/A       100%        6
 Summon Cactus Giant      Summ           3%         N/A       100%        6
 Monstrous Menagerie      Summ           3%         N/A       100%        7
 Swiftness                Air            Unusable   N/A       N/A         3

Dungeon Overview and Level Annotations

Branches:
Dungeon (12/15)            Temple (1/1) D:6            Lair (0/6) D:8
    Orc (2/2) D:12            Elf (0/3) Orc:2

Altars:
Ashenzari
Cheibriados
Dithmenos
Elyvilon
Fedhas
Gozag
Hepliaklqana
Kikubaaqudgha
Makhleb
Nemelex Xobeh
Okawaru
Qazlal
Ru
Sif Muna
Trog
Uskayaw
Vehumet
Wu Jian
Xom
Yredelemnul
Zin
The Shining One

Shops:
D:1 [   D:2 *   D:5 ==!*:[

Portals:
Bazaar: Orc:2

Annotations:
D:11 exclusion: death knight
D:12 exclusions: 2 hell hounds and 2 sensed monsters (detected), Gastronok, Rupert


Innate Abilities, Weirdness & Mutations

You cannot be hasted, slowed, berserked, paralysed or teleported.
You can dig through walls and to a lower floor.
You have a pair of large antennae on your head. (SInv)
Your four strong arms can wield two-handed weapons with a shield.
Your mind is acute. (Int +2)


Message History

The two-headed ogre hits you with a +0 giant spiked club!!
Casting: Vampiric Draining (safe; 1% risk of failure)
Confirm with . or Enter, or press ? or * to list all spells.
Aiming: Vampiric Draining (safe; 1% risk of failure)
Press: ? - help, Shift-Dir - straight line, f - two-headed ogre
Aim: a two-headed ogre, wielding a +0 giant club and a +0 giant spiked club You draw life force from the two-headed ogre!
You feel life coursing into your body.
You block the two-headed ogre's attack. x2
Press: ? - help, v - describe, . - travel
Here: a two-headed ogre, wielding a +0 giant spiked club and a +0 great mace The floor.
Unknown command.
You feel very mighty all of a sudden.
You slash the two-headed ogre! You freeze the two-headed ogre.
The two-headed ogre is heavily wounded.
You block the two-headed ogre's attack.
The two-headed ogre hits you with a +0 giant spiked club!!
Casting: Vampiric Draining (safe; 1% risk of failure)
Confirm with . or Enter, or press ? or * to list all spells.
Aiming: Vampiric Draining (safe; 1% risk of failure)
Press: ? - help, Shift-Dir - straight line, f/p - two-headed ogre
Aim: a two-headed ogre, wielding a +0 giant club and a +0 giant spiked club (heavily wounded)
You draw life force from the two-headed ogre!!
You feel life coursing into your body! You block the two-headed ogre's attack.
The two-headed ogre hits you with a +0 giant spiked club!!
Casting: Vampiric Draining (safe; 1% risk of failure)
Confirm with . or Enter, or press ? or * to list all spells.
Aiming: Vampiric Draining (safe; 1% risk of failure)
Press: ? - help, Shift-Dir - straight line, f/p - two-headed ogre
Aim: a two-headed ogre, wielding a +0 giant club and a +0 giant spiked club (severely wounded)
You draw life force from the two-headed ogre.
You feel life coursing into your body.
You hear the stately tolling of a bell nearby.
You block the two-headed ogre's attack.
The two-headed ogre hits you with a +0 giant spiked club!!
You die...
Kikubaaqudgha rasps: "You have failed me!
Welcome... death!"

*,,,,,,{{#..*****
*,,,,,,{,#..*
*,,,,,O,{#..#*
*,,,,,...#...##
,,,,∩∩.O.....o#
,,,,∩∩O......O##
*,,,,,...#..O#O####
*,,,,,,,,#..#OOO#.##
*,,,,,,,,#...#O#@..#
*,,,,,,,,#....{#..##
*,,,,,,,,#........#
**,,,,,,*#.......##
**,,,,,,*#.......####
***,,,,*##........#.##
,***,,###......#.....#
,,,,,,...............##
,,,,,,................#


You could see 2 two-headed ogres, 4 ogres and an orc.

Vanquished Creatures
  A boulder beetle (D:12)
  Fannar (D:10)
  6 two-headed ogres
  2 orc sorcerers (Orc:1)
  2 cyclopes
  An ugly thing (D:11)
  2 manticores (D:12)
  An unseen horror (D:12)
  2 kobold demonologists
  5 komodo dragons
  Psyche (D:11)
  3 trolls
  The ghost of Zzerr the Skirmisher, an amateur MiBe of Trog (D:3)
  3 slime creatures (D:12)
  2 shadows (D:10)
  2 wraiths
  Sigmund (D:5)
  A fire elemental (D:12)
  A basilisk (D:8)
  A vampire (D:12)
  A wyvern (D:7)
  19 yaks
  Grum (D:10)
  A vampire mosquito (D:12)
  4 steam dragons
  6 wargs (Orc:1)
  A hell hound (D:12)
  2 water moccasins (D:9)
  An acid dragon (D:9)
  Duvessa (D:6)
  A swamp drake (D:8)
  A sky beast (D:5)
  13 orc warriors
  2 black bears
  6 necrophages
  8 ogres
  2 wolves
  7 centaurs
  4 kobold brigands
  5 bullfrogs
  A gnoll sergeant (D:9)
  A wyvern zombie (D:8)
  3 scorpions
  3 water moccasin zombies (D:5)
  2 water moccasin skeletons
  Dowan (D:6)
  15 wights
  6 howler monkeys
  4 crimson imps
  2 bullfrog zombies (D:5)
  A human zombie (D:5)
  3 jellies
  5 orc priests
  7 centaur zombies
  A gnoll shaman (D:7)
  A hound (D:5)
  A centaur skeleton (D:6)
  2 iguanas
  14 orc wizards
  A hound skeleton (D:5)
  2 mummies (D:5)
  A howler monkey skeleton (D:5)
  21 gnolls
  8 adders
  A shadow imp (D:6)
  3 worms (D:3)
  A dart slug (D:4)
  74 orcs
  10 ball pythons
  4 endoplasms
  A giant cockroach (D:4)
  12 goblins
  9 hobgoblins
  7 jackals
  7 quokkas
  12 bats
  2 frilled lizards
  20 kobolds
  3 rats
397 creatures vanquished.

Vanquished Creatures (others)
  An orc wizard (D:8)
  A kobold (D:10)
2 creatures vanquished.

Grand Total: 399 creatures vanquished

Notes
Turn   | Place    | Note
-------+----------+-------------------------------------------
     0 | D:1      | DildoBatman the Formicid Conjurer began the quest for the
                  | Orb.
     0 | D:1      | Reached XP level 1. HP: 13/13 MP: 3/3
   148 | D:1      | Found a faded altar of an unknown god.
   191 | D:1      | Reached XP level 2. HP: 19/19 MP: 1/5
   237 | D:1      | Learned a level 2 spell: Searing Ray
   536 | D:1      | Reached XP level 3. HP: 23/24 MP: 2/6
   628 | D:1      | Found Lir Zis's Antique Armour Shoppe.
   925 | D:2      | Found Daiblit's General Store.
   931 | D:2      | Bought a potion of degeneration for 12 gold pieces
  1019 | D:2      | Reached XP level 4. HP: 22/30 MP: 0/7
  1148 | D:2      | Reached skill level 5 in Conjurations
  1380 | D:2      | Reached XP level 5. HP: 33/34 MP: 5/8
  2323 | D:3      | Reached XP level 6. HP: 25/39 MP: 5/9
  2331 | D:3      | Noticed a black bear
  2363 | D:3      | Reached skill level 1 in Fighting
  2363 | D:3      | Reached skill level 1 in Armour
  2732 | D:3      | Found a runed translucent gate.
  2732 | D:3      | Found a runed translucent gate.
  2732 | D:3      | Found a runed translucent gate.
  2733 | D:3      | Noticed Zzerr's ghost (amateur MiBe)
  2917 | D:3      | Learned a level 3 spell: Vampiric Draining
  3352 | D:4      | Noticed an ogre
  3358 | D:4      | Killed an ogre
  3359 | D:4      | Reached XP level 7. HP: 39/45 MP: 5/12
  4240 | D:5      | Entered Level 5 of the Dungeon
  4240 | D:5      | Found Qumeseli's Jewellery Emporium.
  4240 | D:5      | Found Piacvef's General Store.
  4252 | D:5      | Found Abuodace's Book Shop.
  4263 | D:5      | Reached skill level 5 in Spellcasting
  4305 | D:5      | Noticed Sigmund
  4339 | D:5      | Found Holostrui's Jewellery Boutique.
  4555 | D:5      | Found Dugeuc's Distillery.
  4653 | D:5      | Reached XP level 8. HP: 29/36 MP: 8/17
  4852 | D:5      | Found Dynuheho's Antique Armour Shop.
  4905 | D:5      | Found a glowing golden altar of the Shining One.
  4907 | D:5      | Found a snail-covered altar of Cheibriados.
  4908 | D:5      | Found a blossoming altar of Fedhas.
  4908 | D:5      | Found a white marble altar of Elyvilon.
  4909 | D:5      | Found a glowing silver altar of Zin.
  4910 | D:5      | Found a shadowy altar of Dithmenos.
  4934 | D:5      | Identified the +1 robe of the Will of the Gods {rElec rN++
                  | Regen+}
  5130 | D:6      | Noticed Duvessa
  5465 | D:6      | Noticed Dowan
  5649 | D:6      | Found a staircase to the Ecumenical Temple.
  5654 | Temple   | Entered the Ecumenical Temple
  5732 | Temple   | Became a worshipper of Kikubaaqudgha
  5902 | D:6      | Reached XP level 9. HP: 66/66 MP: 12/19
  6020 | D:3      | Reached skill level 5 in Fighting
  6020 | D:3      | Reached skill level 5 in Armour
  6124 | D:4      | Reached skill level 1 in Necromancy
  6185 | D:5      | Reached skill level 2 in Necromancy
  6185 | D:5      | Killed Sigmund
  6186 | D:5      | Reached skill level 3 in Necromancy
  6303 | D:5      | Reached skill level 4 in Necromancy
  6322 | D:5      | Found a basalt altar of Yredelemnul.
  6347 | D:5      | Reached skill level 5 in Necromancy
  6388 | D:5      | Reached * piety under Kikubaaqudgha
  6388 | D:5      | Received a gift from Kikubaaqudgha
  6389 | D:5      | Reached skill level 6 in Necromancy
  6398 | D:5      | Learned a level 2 spell: Sublimation of Blood
  6453 | D:5      | Gained mutation: You have large cloven feet. [potion of
                  | mutation]
  6453 | D:5      | Gained mutation: You are partially covered in iridescent
                  | scales. (AC +2) [potion of mutation]
  6453 | D:5      | Gained mutation: You expend magic power (3 MP) to
                  | strengthen your wands. [potion of mutation]
  6628 | D:6      | Killed Duvessa
  6644 | D:6      | Killed Dowan
  6724 | D:6      | Reached skill level 7 in Necromancy
  6724 | D:6      | Reached XP level 10. HP: 74/74 MP: 12/20
  6953 | D:7      | Reached skill level 8 in Necromancy
  7088 | D:7      | Reached skill level 9 in Necromancy
  7630 | D:7      | Reached ** piety under Kikubaaqudgha
  7631 | D:7      | Reached skill level 10 in Necromancy
  8042 | D:8      | Found a shimmering altar of Xom.
  8074 | D:8      | Reached skill level 1 in Shields
  8200 | D:8      | Identified the +0 kite shield of Syrhaly {rF+ Slay+3}
  8214 | D:8      | Identified the +0 leather armour of Tempters {Fly rElec
                  | rCorr Dex-2}
  8238 | D:8      | Lost mutation: You have large cloven feet. [potion of
                  | mutation]
  8238 | D:8      | Lost mutation: You are partially covered in iridescent
                  | scales. (AC +2) [potion of mutation]
  8238 | D:8      | Lost mutation: You expend magic power (3 MP) to strengthen
                  | your wands. [potion of mutation]
  8238 | D:8      | Gained mutation: You are frail. (-10% HP) [potion of
                  | mutation]
  8238 | D:8      | Gained mutation: You have an increased reservoir of magic.
                  | (+10% MP) [potion of mutation]
  8239 | D:8      | Lost mutation: You have an increased reservoir of magic.
                  | (+10% MP) [potion of mutation]
  8239 | D:8      | Lost mutation: You are frail. (-10% HP) [potion of
                  | mutation]
  8239 | D:8      | Gained mutation: Your mind is acute. (Int +2) [potion of
                  | mutation]
  8465 | D:8      | Noticed a komodo dragon
  8622 | D:8      | Killed a komodo dragon
  8623 | D:8      | Reached XP level 11. HP: 55/79 MP: 10/21
  8730 | D:8      | Reached skill level 5 in Shields
  8999 | D:8      | Found a staircase to the Lair.
  9144 | D:9      | Noticed a two-headed ogre
  9183 | D:9      | Killed a two-headed ogre
  9303 | D:9      | Found a sacrificial altar of Ru.
  9470 | D:9      | Reached *** piety under Kikubaaqudgha
  9470 | D:9      | Received a gift from Kikubaaqudgha
  9476 | D:9      | Learned a level 4 spell: Dispel Undead
 10044 | D:3      | Killed Zzerr's ghost
 10045 | D:3      | Reached skill level 11 in Necromancy
 10153 | D:10     | Entered Level 10 of the Dungeon
 10291 | D:10     | Noticed Fannar
 10343 | D:10     | Killed Fannar
 10344 | D:10     | Reached XP level 12. HP: 33/89 MP: 5/22
 10563 | D:10     | Found a sparkling altar of Nemelex Xobeh.
 11494 | D:11     | Noticed Grum
 11499 | D:11     | Noticed a two-headed ogre
 11572 | D:11     | Noticed Psyche
 11676 | D:10     | Killed a two-headed ogre
 11722 | D:10     | Killed Grum
 11825 | D:11     | Noticed a two-headed ogre
 11827 | D:10     | Reached **** piety under Kikubaaqudgha
 11889 | D:11     | Killed Psyche
 12558 | D:12     | Reached skill level 5 in Dodging
 12739 | D:12     | Noticed Rupert
 13002 | D:12     | Noticed a two-headed ogre
 13007 | D:12     | Killed a two-headed ogre
 13012 | D:12     | Noticed a death knight
 13219 | D:12     | Reached skill level 12 in Necromancy
 13558 | D:12     | Found a staircase to the Orcish Mines.
 13687 | D:12     | Noticed Gastronok
 14002 | D:12     | Noticed a boulder beetle
 14023 | D:12     | Reached XP level 13. HP: 40/97 MP: 6/23
 14128 | D:12     | Killed a boulder beetle
 14297 | Orc:1    | Entered Level 1 of the Orcish Mines
 14404 | Orc:1    | Reached ***** piety under Kikubaaqudgha
 15184 | Orc:2    | Entered Level 2 of the Orcish Mines
 15184 | Orc:2    | Found a flickering gateway to a bazaar.
 15323 | Orc:2    | Slain by a two-headed ogre

Illustrated notes

Levels and vault maps discovered:
D:1:      ebering_hopf_link, layout_loops_ring,
          dreamdust_ecumenical_altar_grove, serial_shops, nicolae_shop_trees
D:2:      layout_basic, serial_shops, nicolae_shop_stone, minivault_23,
          kennysheep_big_empty_room, minmay_misc_feat_ornament
D:3:      layout_loops_ring, ebering_ghost_rock_garden,
          minmay_increasing_density
D:4:      layout_basic, hangedman_abyss_or_decor_stagger
D:5:      layout_loops_ring, lemuel_mausoleum_altar_yredelemnul, minitemple,
          serial_shops, nicolae_stop_n_shop_1, nicolae_shop_stone, shop,
          nicolae_shop_competitors_out_of_business, shop, nicolae_stop_n_shop_1,
          uniq_sigmund
D:6:      nicolae_cairo_tiling_large, layout_rooms, minmay_temple_entry_wispy,
          chequers_serial_rivers_micro_e, minmay_fountain_box, hex_large,
          uniq_duvessa
D:7:      layout_loops_ring
D:8:      layout_basic, led_xom_imps, erik_lair_dragon, kennysheep_doodads,
          minmay_fractal_squares_diagonal_5
D:9:      layout_cave_pools, mainiacjoe_overflow_brackets, minmay_quadrilaterals
D:10:     layout_layer_cave, nemelex_spade_bored_becter, uniq_fannar
D:11:     layout_irregular_city, uniq_psyche, uniq_grum
D:12:     layout_loops_corners, hiddenorc1_lemuel,
          minmay_fractal_squares_gapless_5, uniq_rupert, uniq_azrael,
          uniq_gastronok
Temple:   minmay_temple_bridge_abc
Orc:1:    layout_diamond_mine, nooodl_orcs_dogs
Orc:2:    st_orc_ogre_mass, layout_caves, serial_shops, bzr_in_the_mist, shop

Skill      XL: |  1  2  3  4  5  6  7  8  9 10 11 12 13 |
---------------+----------------------------------------+-----
Conjurations   | 4 5 6 |  6.0
Fighting       | 2 4 5 6 8 9 |  9.8
Armour         | 2 4 5 6 8 9 |  9.8
Spellcasting   | 3 6 7 |  7.0
Necromancy     | 7 10 11 12 | 12.0
Shields        | 4 9 |  9.0
Dodging        | 3 5 7 |  7.0
Stealth        | |  2.4

Action                   |  1- 3 |  4- 6 |  7- 9 | 10-12 | 13-15 || total
-------------------------+-------+-------+-------+-------+-------++-------
Melee: Dagger            |    22 |       |       |       |       ||    22
       Whip              |       |     6 |       |       |       ||     6
       Short sword       |       |     1 |       |       |       ||     1
       Flail             |       |     4 |    84 |    11 |       ||    99
       Punch             |       |       |     1 |       |       ||     1
       Kick              |       |       |     3 |    21 |       ||    24
       Long sword        |       |       |       |   141 |   146 ||   287
       Great sword       |       |       |       |    36 |       ||    36
 Fire: Hunting sling     |       |    83 |    53 |       |       ||   136
 Cast: Magic Dart        |    32 |    16 |    24 |    41 |       ||   113
       Searing Ray       |     9 |    24 |    55 |   130 |     4 ||   222
       Sublimation of Bl |       |       |       |    35 |     3 ||    38
       Vampiric Draining |       |       |       |    23 |    29 ||    52
       Dispel Undead     |       |       |       |     7 |       ||     7
 Abil: Dig               |       |    12 |     7 |    16 |     9 ||    44
  Use: Scroll            |       |     2 |     4 |     5 |     1 ||    12
       Potion            |       |     1 |     2 |     4 |     2 ||     9
 Stab: Sleeping          |     2 |       |       |     3 |       ||     5
Armor: Robe              |    11 |    10 |    47 |    81 |    17 ||   166
Dodge: Dodged            |    16 |    39 |   108 |   256 |    66 ||   485
Block: Other             |     7 |    12 |    49 |    50 |       ||   118
       Reflection        |       |       |     3 |    19 |     5 ||    27
       Kite shield       |       |       |       |   275 |   142 ||   417
